AoeStats
← Vilo41

Arena

510225564Analyzed
1v1 RM · 2d ago on Sep 30, 2026· 51m 8s· 2 players
Game mode
Random Map
Map size
Tiny (2 player)
Population
200
Speed
Normal
Resources
Standard
Victory
Conquest
Starting age
Dark Age
Ending age
Imperial Age
RankedLock teamsTeams togetherTeam positionsShared explorationLock speedFull tech treeHidden civsTurbo modeCheats
Victory
Defeat
🇲🇽 Sicilians · Mexico
450
+17
🇻🇪 Spanish · Venezuela
475
-17
Rosco_Bosco
7:48 Loom
10:40 Feudal Age
11:34 Horse Collar
11:50 Double-Bit Axe
17:21 Arson
18:10 Forging
18:14 Scale Mail Armor
19:48 Bloodlines
20:03 Gold Mining
22:57 Castle Age
21:06 Fletching
21:27 Scale Barding Armor
24:04 Town Watch
24:55 Wheelbarrow
24:28 Heavy Plow
24:43 Bow Saw
25:32 Squires
25:17 Gambesons
26:01 Stone Mining
28:05 Ballistics
29:12 Husbandry
28:45 Elite Skirmisher
29:17 Light Cavalry
30:07 Bodkin Arrow
32:22 Fervor
33:22 Murder Holes
33:53 Hand Cart
33:57 Padded Archer Armor
38:28 Imperial Age
37:18 Iron Casting
36:59 Chain Mail Armor
40:28 Blast Furnace
42:08 Plate Mail Armor
41:57 Herbal Medicine
42:04 Capped Ram
44:28 Siege Ram
44:37 Elite Serjeant
48:04 Chain Barding Armor
Vilo41
10:18 Feudal Age
11:59 Double-Bit Axe
13:49 Wheelbarrow
14:59 Horse Collar
16:12 Fletching
19:39 Castle Age
19:17 Stone Mining
21:39 Hand Cart
22:27 Fletching
24:48 Town Watch
25:17 Padded Archer Armor
26:31 Bow Saw
28:14 Bodkin Arrow
35:11 Imperial Age
33:51 Forging
35:44 Thumb Ring
37:43 Two-Man Saw
36:38 Gambesons
39:57 Man-at-Arms
41:16 Leather Archer Armor
41:46 Bracer
41:19 Long Swordsman
42:34 Two-Handed Swordsman
42:51 Elite Skirmisher
45:13 Scale Barding Armor
45:32 Husbandry
47:03 Cavalier
Connection lost

Rejoining the realm…

Still unreachable

The connection could not be restored.

Session expired

The server has moved on; the page needs a fresh start.